 Dungeon Crawl Stone Soup version 0.30-a0-618-gd6c86c23d0 (webtiles) character file.

Game seed: 9795805396996924464

135 Newt the Trooper (level 4, 0/37 HPs)
             Began as a Demonspawn Gladiator on Jan 9, 2023.
             Succumbed to a gnoll's poison
             ... on level 2 of the Dungeon.
             The game lasted 00:01:41 (1412 turns).

Newt the Trooper (Demonspawn Gladiator)             Turns: 1412, Time: 00:01:42

Health: 0/37       AC:  5    Str: 16    XL:     4   Next: 96%
Magic:  4/4        EV: 12    Int:  9    God:
Gold:   95         SH:  0    Dex: 15    Spells: 3/3 levels left

rFire   . . .      SeeInvis .    a - +1 rapier
rCold   . . .      Faith    .    (no shield)
rNeg    . . .      Spirit   .    b - +0 leather armour
rPois   .          Reflect  .    c - +1 helmet
rElec   .          Harm     .    (no cloak)
rCorr   .          Rampage  .    (no gloves)
Will    .....                    (no boots)
Stlth   ++                       (no amulet)
HPRegen 0.26/turn                (no ring)
MPRegen 0.09/turn                (no ring)

@: lethally poisoned (0 -> -6)
A: demonic touch 1
a: no special abilities


You were on level 2 of the Dungeon.
You visited 1 branch of the dungeon, and saw 2 of its levels.

You collected 95 gold pieces.

Inventory:

Hand Weapons
 a - a +1 rapier (weapon)
 h - a +0 sling
Armour
 b - a +0 leather armour (worn)
 c - a +1 helmet (worn)
Scrolls
 f - 2 scrolls of poison {unknown}
 g - a scroll of enchant armour


   Skills:
 - Level 4.0 Fighting
 + Level 3.4 Short Blades
 - Level 1.7 Throwing
 - Level 2.6 Dodging
 - Level 2.0 Stealth


You had 3 spell levels left.
You didn't know any spells.
Your spell library contained the following spells:

 Spells                   Type           Power      Damage    Failure   Level
 Blink                    Tloc           0%         N/A       58%         2
 Momentum Strike          Conj/Tloc      0%         3d8       58%         2
 Gell's Gravitas          Tloc           0%         N/A       83%         3
 Lesser Beckoning         Tloc           0%         N/A       83%         3
 Teleport Other           Tloc           0%         N/A       83%         3


Dungeon Overview and Level Annotations

Branches:
Dungeon (2/15)

Altars:

Shops:
D:2 =


Innate Abilities, Weirdness & Mutations

Your touch may inflict minor irresistible damage on your foes.


Message History

You see here a worm corpse.
Throw: 3 throwing nets
Press: ? - help, Q - select action, (/) - cycle Shift-Dir - straight line, f - gnoll
Aim: a gnoll, wielding a +0 spear of venom (64% to hit)
You throw a throwing net.
The throwing net completely misses the gnoll.
You hear a sizzling splash.
You feel very sick.
Throw: 2 throwing nets
Press: ? - help, Q - select action, (/) - cycle Shift-Dir - straight line, f/p - gnoll
Aim: a gnoll, wielding a +0 spear of venom (64% to hit)
You throw a throwing net. The throwing net hits the gnoll.
The gnoll is caught in the net!
* * * LOW HITPOINT WARNING * * *
You feel very sick.
The gnoll struggles against the net.
You hit the gnoll but do no damage.
* * * LOW HITPOINT WARNING * * *
You feel very sick.
The gnoll struggles against the net.
You aren't carrying any potions.
You hit the gnoll.
You touch the gnoll!
The gnoll is severely wounded.
* * * LOW HITPOINT WARNING * * *
You feel very sick.
The gnoll struggles against the net. x2
Throw: throwing net
Press: ? - help, Q - select action, (/) - cycle Shift-Dir - straight line, f/p - gnoll
Aim: a gnoll, wielding a +0 spear of venom (black smoke, severely wounded, entangled in a net, 93% to hit)
You throw a throwing net. The throwing net hits the gnoll.
The gnoll is severely wounded.
* * * LOW HITPOINT WARNING * * *
You feel sick.
Throw: javelin
Press: ? - help, Q - select action Shift-Dir - straight line, f/p - gnoll
Aim: a gnoll, wielding a +0 spear of venom (severely wounded, entangled in a net, 93% to hit)
You throw a javelin. The javelin pierces through the gnoll!
You kill the gnoll!
You hear a sizzling splash.
You die...

#.# #.#
#.# #.#
#.# ###.#
.. #...##
###### #g
#....#
###§≈≈≈#
#. ####.#
#.'@≈.§#
... #.#
#.#≈)≈.+
##. #.#
#.#§§≈≈#
... #.#
#.######
##. #.#
#..#.# #.#
##...# #.#
###.# #.#
#.# #.#
##.#####.#


There were no monsters in sight!

Vanquished Creatures
  Natasha (thrice) (D:2)
  A gnoll (D:2)
  2 adders (D:2)
  A worm (D:2)
  A dart slug (D:1)
  6 ball pythons
  2 bats (D:2)
  4 endoplasms
  4 goblins (D:1)
  4 hobgoblins
  2 jackals (D:2)
  3 kobolds
  A quokka (D:1)
  2 frilled lizards (D:1)
  3 rats
39 creatures vanquished.

Notes
Turn   | Place    | Note
-------+----------+-------------------------------------------
     0 | D:1      | Newt the Demonspawn Gladiator began the quest for the Orb.
     0 | D:1      | Reached XP level 1. HP: 16/16 MP: 1/1
   109 | D:1      | Reached skill level 1 in Stealth
   216 | D:1      | Gained mutation: Your touch may inflict minor irresistible
                  | damage on your foes. [demonic ancestry]
   216 | D:1      | Reached XP level 2. HP: 16/22 MP: 2/2
   947 | D:2      | Reached XP level 3. HP: 28/28 MP: 3/3
   971 | D:2      | Reached skill level 3 in Fighting
  1055 | D:2      | Found Qupi's Jewellery Emporium.
  1198 | D:2      | Noticed Natasha
  1205 | D:2      | Killed Natasha
  1206 | D:2      | Reached XP level 4. HP: 27/37 MP: 4/4
  1266 | D:2      | Noticed Natasha
  1273 | D:2      | Killed Natasha
  1274 | D:2      | Reached skill level 4 in Fighting
  1317 | D:2      | Noticed Natasha
  1328 | D:2      | Killed Natasha
  1412 | D:2      | Succumbed to a gnoll's poison

Illustrated notes

Levels and vault maps discovered:
D:1:      erik_arrival_triangle_medium, layout_loops_ring, roderic_roman_lattice
D:2:      layout_loops_ring, serial_shops, nicolae_shop_stone,
          kennysheep_generic_room_14, uniq_robin, uniq_natasha

Skill      XL: |  1  2  3  4 |
---------------+-------------+-----
Stealth        | 1 2 |  2.0
Fighting       | 3 4 |  4.0
Short Blades   | 3 |  3.4
Throwing       | |  1.7
Dodging        | |  2.6

Action                   |  1- 3 |  4- 6 || total
-------------------------+-------+-------++-------
Melee: Rapier            |    86 |    20 ||   106
       Touch             |    10 |     5 ||    15
       Punch             |     1 |       ||     1
Throw: Throwing net      |       |     3 ||     3
       Javelin           |       |     1 ||     1
  Use: Scroll            |     3 |       ||     3
 Stab: Sleeping          |     5 |       ||     5
       Distracted        |     1 |       ||     1
Armor: Leather armour    |    22 |     6 ||    28
Dodge: Dodged            |    43 |    10 ||    53

Table legend: (Time is in decaauts)
 A = Elapsed time spent in this place.
 B = Non-inter-level travel time spent in this place.
 C = Inter-level travel time spent in this place.
 D = Time resting spent in this place.
 E = Time spent auto-exploring this place.
 F = Levels seen in this place.
 G = Mean time per level.
                   A        B        C        D        E       F      G
               +--------+--------+--------+--------+--------+-----+--------+
         Total |   1436 |   1394 |     42 |      0 |   1131 |   2 |  718.0 |
       Dungeon |   1436 |   1394 |     42 |      0 |   1131 |   2 |  718.0 |
               +--------+--------+--------+--------+--------+-----+--------+

Top non-repeatable levels by time:
     D:1: 907 daAuts
     D:2: 528 daAuts
